[Event "Titled Tuesday Blitz June 6 Early 2023"]
[White "Camilla_Lee"]
[Black "Rian, Kapriaga"]
[BlackFideId "7103263"]
[WhiteElo "2507"]
[BlackElo "2324"]
[Result "0-1"]
[Round "7"]
[TimeControl "180+2"]
[Date "2023.06.06"]
[WhiteClock "0:01:04"]
[BlackClock "0:00:32"]
[Board "129"]

1. e4 c6 2. d4 d5 3. Nc3 dxe4 4. Nxe4 Nf6 5. Ng5 Bf5 6. N1f3 Nbd7 7. Bc4 e6 8. Qe2 h6 9. Nxf7 Kxf7 10. Ne5+ Nxe5 11. Qxe5 Nd5 12. Bd2 Bd6 13. Qe2 Re8 14. O-O-O b5 15. Bb3 a5 16. a3 a4 17. Ba2 b4 18. axb4 a3 19. g4 Bg6 20. Rhe1 Qd7 21. Qc4 Ra7 22. Qb3 Rea8 23. c4 axb2+ 24. Kxb2 Rxa2+ 25. Qxa2 Rxa2+ 26. Kxa2 Nxb4+ 27. Kb3 Bc2+ 0-1


[Site "https://www.chess.com"]

[Event "Titled Tuesday Blitz June 6 Early 2023"]
[White "Ziatdinov, Raset"]
[Black "Camacho Collados, Jose"]
[WhiteFideId "2015323"]
[BlackFideId "2265427"]
[WhiteElo "2220"]
[BlackElo "2212"]
[Result "0-1"]
[Round "7"]
[TimeControl "180+2"]
[Date "2023.06.06"]
[WhiteClock "0:02:36"]
[BlackClock "0:02:13"]
[Board "130"]

1. e4 e6 2. d4 d5 3. Nc3 dxe4 4. Nxe4 Bd7 5. Nf3 Bc6 6. Bd3 Nf6 7. Ng3 Bd6 8. c3 Nbd7 9. O-O Qe7 10. b4 a6 11. Re1 g6 12. Bg5 h6 13. Bd2 O-O-O 14. a4 Nb6 15. b5 Bxf3 16. a5 Bxd1 0-1


[Site "https://www.chess.com"]

[Event "Titled Tuesday Blitz June 6 Early 2023"]
[White "cristianserban1"]
[Black "Marichal Gonzalez, Ariel"]
[BlackFideId "3503232"]
[WhiteElo "2465"]
[BlackElo "2250"]
[Result "1-0"]
[Round "7"]
[TimeControl "180+2"]
[Date "2023.06.06"]
[WhiteClock "0:00:39"]
[BlackClock "0:00:39"]
[Board "131"]

1. Nf3 Nf6 2. b3 d5 3. Bb2 c5 4. e3 Nc6 5. c4 d4 6. exd4 cxd4 7. d3 e5 8. g3 a5 9. a3 Bd6 10. Bg2 O-O 11. O-O Re8 12. Nbd2 h6 13. Re1 Bf5 14. Qc2 Qd7 15. Nh4 Bh3 16. Ne4 Be7 17. Nf3 Nxe4 18. Rxe4 Bf5 19. Re2 Bf6 20. Nd2 Rac8 21. Ne4 Be7 22. Rae1 Bh3 23. Bh1 f5 24. Nd2 Bc5 25. Bd5+ Kh8 26. Nf3 Bg4 27. Nxe5 Nxe5 28. Rxe5 Rxe5 29. Rxe5 Re8 30. Rxe8+ Qxe8 31. Qd2 Qe7 32. Kg2 b6 33. h3 Bh5 34. Qf4 Bg6 35. Bxd4 Bxa3 36. Qb8+ 1-0


[Site "https://www.chess.com"]

[Event "Titled Tuesday Blitz June 6 Early 2023"]
[White "Putri, Regita Desyari"]
[Black "Xu, Daniel"]
[WhiteFideId "7109083"]
[BlackFideId "2627345"]
[WhiteElo "1930"]
[BlackElo "1980"]
[Result "0-1"]
[Round "7"]
[TimeControl "180+2"]
[Date "2023.06.06"]
[WhiteClock "0:00:05"]
[BlackClock "0:00:59"]
[Board "132"]

1. d4 Nf6 2. c4 g6 3. Nf3 Bg7 4. g3 O-O 5. Bg2 d6 6. Nc3 Nc6 7. O-O a6 8. b3 Rb8 9. a4 Bd7 10. h3 e5 11. e3 exd4 12. exd4 Nb4 13. Ba3 a5 14. Bxb4 axb4 15. Ne2 c5 16. Rc1 Re8 17. Nf4 Ne4 18. Nd5 Bc6 19. Qd3 Bxd5 20. cxd5 Nc3 21. Kh2 Ne2 22. dxc5 Nxc1 23. Rxc1 dxc5 24. Rxc5 Qd6 25. Rb5 Bc3 26. Ng5 f5 27. Ne6 Rxe6 28. Qc4 Re7 0-1


[Site "https://www.chess.com"]

[Event "Titled Tuesday Blitz June 6 Early 2023"]
[White "Todorovic, Bojan"]
[Black "Toncheva, Nadya"]
[WhiteFideId "917087"]
[BlackFideId "2924056"]
[WhiteElo "2266"]
[BlackElo "2101"]
[Result "0-1"]
[Round "7"]
[TimeControl "180+2"]
[Date "2023.06.06"]
[WhiteClock "0:00:01"]
[BlackClock "0:00:06"]
[Board "133"]

1. d4 d5 2. c4 dxc4 3. e4 e5 4. Nf3 Bb4+ 5. Bd2 Bxd2+ 6. Nbxd2 exd4 7. Bxc4 Qf6 8. O-O Ne7 9. e5 Qg6 10. Nxd4 O-O 11. Qe2 a6 12. f4 c5 13. Bd3 Nf5 14. N4f3 Qh5 15. Ne4 b6 16. Bc4 Bb7 17. h3 Nd4 18. Nxd4 Qxe2 19. Nxe2 Bxe4 20. Nc3 Bb7 21. Bd5 Nc6 22. Rad1 Rfd8 23. f5 Rab8 24. e6 Nd4 25. exf7+ Kf8 26. Be6 b5 27. Rfe1 Rd6 28. Kf2 Rbd8 29. Ne4 Bxe4 30. Rxe4 Nxe6 31. Rxd6 Rxd6 32. fxe6 Ke7 33. Rf4 Rd8 34. Ke3 Rf8 35. Re4 Rd8 36. Re5 c4 37. Ke4 Rd2 38. Rd5 Re2+ 39. Kf5 g6+ 40. Kg5 Rxe6 41. Rd7+ Kf8 42. Kh6 Re2 43. Kxh7 Rxg2 44. h4 b4 45. Rc7 Rg4 0-1


[Site "https://www.chess.com"]

[Event "Titled Tuesday Blitz June 6 Early 2023"]
[White "Rodriguez Santiago, Jaime"]
[Black "Sanhueza, Cristian"]
[WhiteFideId "3100898"]
[BlackFideId "116815"]
[WhiteElo "2025"]
[BlackElo "2174"]
[Result "0-1"]
[Round "7"]
[TimeControl "180+2"]
[Date "2023.06.06"]
[WhiteClock "0:00:14"]
[BlackClock "0:00:26"]
[Board "134"]

1. c4 Nf6 2. d4 g6 3. f3 Bg7 4. e4 d6 5. Be3 O-O 6. Qd2 c5 7. Nc3 cxd4 8. Bxd4 Nc6 9. Be3 Qa5 10. Nge2 Be6 11. b3 Rfc8 12. Rc1 a6 13. a4 Qb4 14. Nd5 Qxb3 15. Nb6 Ne5 16. Nd4 Nxc4 17. Nxb3 Nxd2 18. Rxc8+ Rxc8 19. Nxc8 Nxb3 20. Nxe7+ Kf8 21. Nd5 Nxd5 22. exd5 Bxd5 23. Bd3 Nc5 24. Ke2 Nxa4 25. Rc1 Bc6 26. Rc4 Nb2 27. Rc2 Nxd3 28. Kxd3 Ke7 29. Bb6 Kd7 30. Kc4 h5 31. Rd2 d5+ 32. Kb3 Kd6 33. Ba5 Bb5 34. Bb4+ Kc6 35. Rc2+ Bc4+ 36. Ka3 b6 37. Rd2 a5 38. Be7 b5 39. Bd8 Bc3 40. Rc2 d4 41. Be7 b4+ 42. Ka4 Bb5+ 43. Kb3 a4+ 0-1


[Site "https://www.chess.com"]

[Event "Titled Tuesday Blitz June 6 Early 2023"]
[White "Dinu, Dumitru-Daniel"]
[Black "Rodriguez Polo, Mateo"]
[WhiteFideId "1208403"]
[BlackFideId "24509396"]
[WhiteElo "2240"]
[BlackElo "2117"]
[Result "0-1"]
[Round "7"]
[TimeControl "180+2"]
[Date "2023.06.06"]
[WhiteClock "0:00:12"]
[BlackClock "0:00:29"]
[Board "135"]

1. e4 Nc6 2. d4 d6 3. Nc3 Nf6 4. Nf3 Bg4 5. Be2 e5 6. Be3 Bxf3 7. Bxf3 Nxd4 8. Bxd4 exd4 9. Qxd4 Be7 10. O-O O-O 11. Rad1 Nd7 12. Nd5 Bf6 13. Nxf6+ Qxf6 14. Qxf6 Nxf6 15. Rfe1 Rfe8 16. e5 dxe5 17. Bxb7 Rab8 18. Bc6 Re6 19. Bd5 Rd6 20. Bb3 Kf8 21. f3 Rbd8 22. Rxd6 cxd6 23. Kf2 Nd7 24. Rd1 Nc5 25. Bd5 Ke7 26. b3 f5 27. c4 g5 28. Rh1 h5 29. h4 g4 30. fxg4 hxg4 31. g3 Kf6 32. Ke3 Kg6 33. Rd1 Rf8 34. Rf1 Nd7 35. Bc6 Nf6 36. Rd1 Rd8 37. b4 Nh5 38. Kf2 f4 39. gxf4 exf4 40. Rd5 Nf6 41. Rg5+ Kh6 42. Rf5 Rf8 43. c5 dxc5 44. bxc5 Kg7 45. Kg2 f3+ 46. Kg3 Rd8 47. h5 Rd2 48. h6+ Kg6 49. Rf4 Rg2+ 50. Kh4 Rh2+ 51. Kg3 Rh3+ 52. Kf2 Rxh6 53. Be4+ Nxe4+ 54. Rxe4 Rh2+ 55. Kg1 Rg2+ 56. Kf1 Kf5 57. Rd4 Rc2 58. Rd5+ Kf4 59. Rd6 Rxc5 60. Rf6+ Kg3 61. Ke1 Rc2 62. Kd1 Rxa2 63. Rf5 f2 64. Kc1 f1=Q+ 65. Rxf1 Ra1+ 66. Kb2 Rxf1 67. Kc2 Rf7 68. Kd3 Rb7 69. Kc4 a5 70. Kd5 a4 71. Kc5 Rb1 72. Kd6 a3 73. Kc6 a2 74. Kd6 a1=Q 75. Kd5 Rb4 76. Ke6 Qa5 77. Kd6 Rb6+ 78. Kc7 Qa7+ 79. Kc8 Rb8# 0-1


[Site "https://www.chess.com"]

[Event "Titled Tuesday Blitz June 6 Early 2023"]
[White "Dubreuil, Julien"]
[Black "Vyatkin, Dmitry"]
[WhiteFideId "621285"]
[BlackFideId "4171900"]
[WhiteElo "2276"]
[BlackElo "2279"]
[Result "0-1"]
[Round "7"]
[TimeControl "180+2"]
[Date "2023.06.06"]
[WhiteClock "0:00:27"]
[BlackClock "0:01:00"]
[Board "136"]

1. c4 Nf6 2. g3 g6 3. Bg2 Bg7 4. Nf3 O-O 5. O-O d6 6. d4 Nc6 7. Bf4 e5 8. dxe5 Ng4 9. Nc3 Ngxe5 10. Nd2 Be6 11. Nd5 g5 12. Be3 Ng4 13. Ne4 Nxe3 14. fxe3 f5 15. Nec3 Ne5 16. Bh3 c6 17. e4 g4 18. exf5 Bxf5 0-1


[Site "https://www.chess.com"]

[Event "Titled Tuesday Blitz June 6 Early 2023"]
[White "Martin, Lewis"]
[Black "Beydullayeva, Govhar"]
[WhiteFideId "410551"]
[BlackFideId "13413015"]
[WhiteElo "2145"]
[BlackElo "2153"]
[Result "1-0"]
[Round "7"]
[TimeControl "180+2"]
[Date "2023.06.06"]
[WhiteClock "0:00:58"]
[BlackClock "0:00:22"]
[Board "137"]

1. e4 e5 2. Nf3 Nc6 3. Bb5 a6 4. Ba4 Nf6 5. O-O b5 6. Bb3 Be7 7. Re1 d6 8. a4 Rb8 9. axb5 axb5 10. c3 O-O 11. h3 Be6 12. d4 Bxb3 13. Qxb3 b4 14. d5 bxc3 15. Qxc3 Nb4 16. Ra4 c5 17. dxc6 Nxe4 18. Rxe4 Nxc6 19. Qxc6 Rc8 20. Qxc8 Qxc8 21. Nc3 f5 22. Re1 Bf6 23. Nd5 Qc6 24. Nxf6+ Rxf6 25. Ra3 h6 26. Rc3 Qb7 27. Nd2 Rf8 28. Nc4 Rd8 29. Rd1 Qe7 30. Rcd3 f4 31. Rxd6 Rxd6 32. Nxd6 Qe6 33. Ne4 1-0


[Site "https://www.chess.com"]

[Event "Titled Tuesday Blitz June 6 Early 2023"]
[White "Abrosimov, Vladimir"]
[Black "Herman, Daniel"]
[WhiteFideId "4166892"]
[BlackFideId "30935008"]
[WhiteElo "2336"]
[BlackElo "1897"]
[Result "0-1"]
[Round "7"]
[TimeControl "180+2"]
[Date "2023.06.06"]
[WhiteClock "0:00:02"]
[BlackClock "0:00:06"]
[Board "138"]

1. c4 e5 2. Nc3 Bb4 3. d3 Nf6 4. g3 d5 5. cxd5 Qxd5 6. Nf3 e4 7. dxe4 Qxd1+ 8. Kxd1 Bxc3 9. bxc3 Nxe4 10. Ke1 Nc6 11. Bg2 O-O 12. Nd4 Nxc3 13. Nxc6 bxc6 14. Bxc6 Rb8 15. Ba3 Rd8 16. Be7 Rd4 17. Bc5 Rc4 18. Bxa7 Rb2 19. Bf3 Ba6 20. Be3 Nxa2 21. Kf1 Rcc2 22. Kg2 Bxe2 23. Rhe1 Bxf3+ 24. Kxf3 f6 25. Bd4 Rb3+ 26. Be3 c5 27. Rab1 c4 28. Ke4 Nc3+ 29. Kd4 Nxb1 30. Kd5 c3 31. Ke6 h6 32. Rd1 Nd2 33. Ra1 Kh7 34. Ra7 Rcb2 35. f4 Rb7 36. Ra6 Nc4 37. Bd4 Re2+ 38. Kd5 c2 39. Ra1 Rb1 40. Ra7 c1=Q 41. Bxf6 Nb6+ 42. Kd6 Qd2+ 43. Kc6 Rc1+ 44. Kb7 Qd7+ 45. Ka6 Ra1+ 46. Kxb6 Rb1+ 47. Kc5 Rc2+ 0-1


[Site "https://www.chess.com"]

[Event "Titled Tuesday Blitz June 6 Early 2023"]
[White "Buchenau, Frank"]
[Black "Marchesich, Giovanni"]
[WhiteFideId "4604350"]
[BlackFideId "2824790"]
[WhiteElo "2157"]
[BlackElo "2213"]
[Result "1-0"]
[Round "7"]
[TimeControl "180+2"]
[Date "2023.06.06"]
[WhiteClock "0:00:04"]
[BlackClock "0:00:08"]
[Board "139"]

1. e4 e5 2. Nf3 d5 3. exd5 e4 4. Qe2 Nf6 5. d3 Bb4+ 6. c3 O-O 7. cxb4 exf3 8. Qxf3 Re8+ 9. Be3 Nxd5 10. Nc3 Nxb4 11. O-O-O Be6 12. Kb1 N8c6 13. a3 Nd5 14. Nxd5 Qxd5 15. Qxd5 Bxd5 16. d4 Rad8 17. Rg1 f6 18. Bb5 a6 19. Ba4 b5 20. Bc2 Be4 21. Bxe4 Rxe4 22. Rc1 Re6 23. Rgd1 Red6 24. d5 Ne7 25. Bf4 Rxd5 26. Re1 Ng6 27. Bxc7 R8d7 28. Bg3 h5 29. h4 Rd4 30. Re6 Nxh4 31. Bxh4 Rxh4 32. Rxa6 Rh2 33. Rb6 Rxg2 34. Rxb5 Rxf2 35. Rxh5 g5 36. Rc2 Rd1+ 37. Rc1 Rdd2 38. Rc8+ Kf7 39. Rb8 g4 40. Rh7+ Kg6 41. Rhh8 Kf5 42. Rhg8 Rd1+ 43. Ka2 Rd4 44. Rb5+ Kf4 45. Rf8 Ke4 46. Re8+ Kd3 47. Rg8 f5 48. Rf8 Rdf4 49. Rb3+ Ke2 50. Rc3 Kf1 51. Rc1+ Kg2 52. Rd8 Rf1 53. Rd2+ R4f2 54. Rxf2+ Rxf2 55. a4 g3 56. a5 Kf3 57. a6 g2 58. a7 Rf1 59. a8=Q+ Kg3 60. Qc6 Kf2 61. Qc5+ Kg3 62. Rc3+ Rf3 63. Rxf3+ Kxf3 64. Qg1 Kg3 65. b4 f4 66. Kb3 f3 67. Qe3 Kh2 68. Qf2 Kh1 69. Qxf3 Kh2 70. Qxg2+ Kxg2 71. b5 1-0


[Site "https://www.chess.com"]

[Event "Titled Tuesday Blitz June 6 Early 2023"]
[White "Antonio, Jorge Carlos"]
[Black "Avazkhonov, Alikhon"]
[WhiteFideId "113190"]
[BlackFideId "14208504"]
[WhiteElo "2247"]
[BlackElo "1739"]
[Result "1-0"]
[Round "7"]
[TimeControl "180+2"]
[Date "2023.06.06"]
[WhiteClock "0:00:18"]
[BlackClock "0:00:01"]
[Board "140"]

1. d4 Nf6 2. Nf3 e6 3. Bf4 d5 4. e3 Bd6 5. Ne5 O-O 6. Nd2 c5 7. c3 b6 8. Bd3 Bb7 9. Ndf3 Nc6 10. h4 Ne7 11. Ng5 h6 12. Ngf3 Ne4 13. Qe2 f6 14. Ng4 Bxf4 15. exf4 Nf5 16. g3 Qd6 17. O-O Rac8 18. Rad1 cxd4 19. Bxe4 dxe4 20. Nxd4 Nxd4 21. Rxd4 Qc6 22. Ne3 Rfd8 23. Rfd1 Rxd4 24. Rxd4 e5 25. fxe5 fxe5 26. Rd2 Qe6 27. Qd1 Qxa2 28. Rd8+ Rxd8 29. Qxd8+ Kh7 30. Qd7 Ba6 31. Qf5+ Kg8 32. Qxe5 Qxb2 33. Nf5 Qc1+ 34. Kg2 Kf7 35. Qxg7+ Ke6 36. Nd4+ Kd5 37. Qxh6 Qe1 38. Kh2 1-0


[Site "https://www.chess.com"]

[Event "Titled Tuesday Blitz June 6 Early 2023"]
[White "Mazurkiewicz, Michal"]
[Black "mohsengabr2002"]
[WhiteFideId "1124943"]
[WhiteElo "2063"]
[BlackElo "2239"]
[Result "0-1"]
[Round "7"]
[TimeControl "180+2"]
[Date "2023.06.06"]
[WhiteClock "0:00:11"]
[BlackClock "0:01:04"]
[Board "141"]

1. e4 f6 2. d4 g6 3. f4 e6 4. Nf3 Nh6 5. Bd3 f5 6. e5 Nf7 7. O-O d5 8. exd6 cxd6 9. c4 Bg7 10. Nc3 O-O 11. Kh1 e5 12. dxe5 dxe5 13. fxe5 Nc6 14. Nd5 Ncxe5 15. Be2 Be6 16. Bf4 Nxf3 17. Bxf3 Rc8 18. Re1 Re8 19. Qb3 b6 20. Rad1 Bxd5 21. Bxd5 Rxe1+ 22. Rxe1 Qf6 23. c5 bxc5 24. Be5 Re8 25. Bc3 Rxe1+ 26. Bxe1 Qe7 27. Bd2 Bd4 28. g3 Kg7 29. Bxf7 Qxf7 30. Bh6+ Kf6 31. Bg5+ Kg7 32. Bh6+ Kf6 33. Qa3 Qb7+ 0-1


[Site "https://www.chess.com"]

[Event "Titled Tuesday Blitz June 6 Early 2023"]
[White "Clawitter, Craig"]
[Black "Manukian, Artak"]
[WhiteFideId "2023105"]
[BlackFideId "13301373"]
[WhiteElo "2238"]
[BlackElo "2130"]
[Result "0-1"]
[Round "7"]
[TimeControl "180+2"]
[Date "2023.06.06"]
[WhiteClock "0:00:01"]
[BlackClock "0:00:25"]
[Board "142"]

1. e4 c6 2. d4 d5 3. e5 Bf5 4. Nf3 e6 5. Be2 c5 6. Be3 Qb6 7. Nc3 Qxb2 8. Qb1 Qxb1+ 9. Rxb1 c4 10. Rxb7 Bxc2 11. Kd2 Bg6 12. Bd1 a5 13. Ba4+ Kd8 14. Nb5 Bb4+ 15. Kc1 Ne7 16. Nd6 Ba3+ 17. Kd2 Bb4+ 18. Kd1 Nc8 19. Nxf7+ Bxf7 20. Rxf7 Nb6 21. Bg5+ Kc8 22. Bb5 Na6 23. Bc6 Rb8 24. Rxg7 Bf8 25. Rf7 Nb4 26. Bf6 Rg8 27. Bb5 Nd3 28. Ba6+ Rb7 29. Rxb7 Nxf2+ 30. Ke2 Rxg2 31. Rxb6+ Kc7 32. Rb7+ Kc6 33. Kf1 Nxh1 34. Kxg2 c3 35. Bd3 c2 36. Bxc2 Bb4 0-1


[Site "https://www.chess.com"]

[Event "Titled Tuesday Blitz June 6 Early 2023"]
[White "Samaganova, Aleksandra"]
[Black "Moore, Nicholas"]
[WhiteFideId "13800221"]
[BlackFideId "4303709"]
[WhiteElo "1858"]
[BlackElo "2398"]
[Result "0-1"]
[Round "7"]
[TimeControl "180+2"]
[Date "2023.06.06"]
[WhiteClock "0:00:02"]
[BlackClock "0:00:34"]
[Board "143"]

1. c4 c6 2. Nf3 d5 3. e3 Nf6 4. Nc3 e6 5. d4 Nbd7 6. Bd3 Bd6 7. O-O dxc4 8. Bxc4 b5 9. Bd3 O-O 10. a3 a5 11. e4 e5 12. d5 b4 13. axb4 cxd5 14. exd5 Bxb4 15. Bc2 Re8 16. Bg5 h6 17. Bh4 Bb7 18. Ba4 g5 19. Nxg5 hxg5 20. Bxg5 Bxc3 21. Bxd7 Qxd7 22. Bxf6 Qf5 23. Bh4 Bd4 24. Ra3 Bxd5 25. Rg3+ Kf8 26. Qd2 Qf4 27. Qc2 Qxh4 28. Qf5 Be6 29. Qe4 Qxe4 0-1


[Site "https://www.chess.com"]

[Event "Titled Tuesday Blitz June 6 Early 2023"]
[White "campochess"]
[Black "Barbot, Pierre"]
[BlackFideId "663727"]
[WhiteElo "2163"]
[BlackElo "2431"]
[Result "0-1"]
[Round "7"]
[TimeControl "180+2"]
[Date "2023.06.06"]
[WhiteClock "0:00:18"]
[BlackClock "0:00:40"]
[Board "144"]

1. d4 Nf6 2. Bg5 d5 3. Nd2 g6 4. Bxf6 exf6 5. e3 Bg7 6. Bd3 O-O 7. Ne2 f5 8. O-O Nd7 9. c4 dxc4 10. Nxc4 c5 11. Rc1 cxd4 12. Nxd4 Nc5 13. Bb1 Ne4 14. Nd2 Qd5 15. Nxe4 fxe4 16. Qb3 Qe5 17. Qb5 Qxb5 18. Nxb5 Bxb2 19. Rc4 f5 20. a4 Be6 21. Rc2 Be5 22. Nc7 Bxc7 23. Rxc7 Rf7 24. Rc3 Rd7 25. h4 Rad8 26. Kh2 Kf7 27. Rfc1 Kf6 28. Bc2 Bd5 29. Bd1 Bc6 30. a5 Rxd1 31. a6 Rxc1 32. Rxc1 Rd7 33. Kg3 Bd5 34. Rc5 bxa6 35. Kf4 Ke6 36. Kg5 Kd6 37. Ra5 Bb7 38. Kf6 Kc6 39. Re5 Kb6 40. Ke6 Rc7 41. h5 a5 42. Kd6 a4 43. g4 Rc6+ 44. Kd7 a3 45. hxg6 hxg6 46. gxf5 gxf5 0-1


[Site "https://www.chess.com"]

[Event "Titled Tuesday Blitz June 6 Early 2023"]
[White "Ciuffoletti, Paolo"]
[Black "Schuh, Karsten"]
[WhiteFideId "807630"]
[BlackFideId "4637950"]
[WhiteElo "2143"]
[BlackElo "2177"]
[Result "0-1"]
[Round "7"]
[TimeControl "180+2"]
[Date "2023.06.06"]
[WhiteClock "0:00:01"]
[BlackClock "0:01:08"]
[Board "145"]

1. e4 c5 2. d4 cxd4 3. c3 d3 4. Bxd3 d6 5. c4 Nf6 6. Nc3 a6 7. Nf3 e6 8. O-O Be7 9. Qe2 Qc7 10. h3 Nbd7 11. Bf4 Ne5 12. Nxe5 dxe5 13. Be3 Bd7 14. Rac1 O-O 15. a3 Bc5 16. Bxc5 Qxc5 17. b4 Qc7 18. c5 Bc6 19. a4 Rfd8 20. b5 axb5 21. axb5 Be8 22. Qe3 Ra3 23. Rfd1 Qa5 24. Nb1 Ra2 25. c6 bxc6 26. bxc6 Rc8 27. Qc5 Qxc5 28. Rxc5 Rxc6 29. Rxc6 Bxc6 30. Bc4 Ra8 31. f3 h6 32. Rd6 Be8 33. Kf2 Rc8 34. Ba6 Rc2+ 35. Kg3 Nh5+ 36. Kh2 Kh7 37. Rd2 Rxd2 0-1


[Site "https://www.chess.com"]

[Event "Titled Tuesday Blitz June 6 Early 2023"]
[White "Araujo Filho, Luiz Antonio Coel"]
[Black "Shapiro, Daniel"]
[WhiteFideId "2130661"]
[BlackFideId "2001780"]
[WhiteElo "2056"]
[BlackElo "2382"]
[Result "1-0"]
[Round "7"]
[TimeControl "180+2"]
[Date "2023.06.06"]
[WhiteClock "0:00:17"]
[BlackClock "0:00:01"]
[Board "146"]

1. d4 Nf6 2. Nf3 b6 3. e3 e6 4. Bd3 Bb7 5. Nbd2 d6 6. Qe2 g6 7. O-O Nbd7 8. e4 e5 9. dxe5 dxe5 10. Nc4 Qe7 11. Bg5 Bg7 12. Rad1 h6 13. Bxf6 Bxf6 14. Ne3 c6 15. Bc4 Nc5 16. b4 Nxe4 17. Ng4 Nc3 18. Nxf6+ Qxf6 19. Qxe5+ Qxe5 20. Nxe5 Nxd1 21. Bxf7+ Ke7 22. Rxd1 Kf6 23. f4 Rhd8 24. Re1 Rd2 25. Bxg6 c5 26. Be4 Bxe4 27. Rxe4 Rxc2 28. bxc5 Rd8 29. h4 bxc5 30. Ra4 Rdd2 31. g4 Rg2+ 32. Kh1 Rh2+ 33. Kg1 Rxh4 34. Ra6+ Ke7 35. Ng6+ Kd7 36. Nxh4 c4 37. Nf3 c3 38. Nd4 Rd2 39. Nb3 c2 40. Rxh6 Rd3 41. Nc5+ Kd8 42. Nxd3 1-0


[Site "https://www.chess.com"]

[Event "Titled Tuesday Blitz June 6 Early 2023"]
[White "Mohammed, Zozek Salah Mohammed"]
[Black "Lakshmi C"]
[WhiteFideId "4803361"]
[BlackFideId "25035347"]
[WhiteElo "2211"]
[BlackElo "1942"]
[Result "0-1"]
[Round "7"]
[TimeControl "180+2"]
[Date "2023.06.06"]
[WhiteClock "0:00:15"]
[BlackClock "0:00:01"]
[Board "147"]

1. d4 Nf6 2. Nf3 g6 3. g3 Bg7 4. Bg2 O-O 5. O-O d6 6. c4 Nbd7 7. Nc3 e5 8. e4 c6 9. Bg5 Qb6 10. dxe5 dxe5 11. b3 Re8 12. h3 Nc5 13. Be3 Qb4 14. Qc2 Ne6 15. a3 Qd6 16. Rfd1 Qc7 17. b4 b6 18. Rac1 Ba6 19. Qb3 Rad8 20. Nd5 Qb8 21. Nxf6+ Bxf6 22. a4 c5 23. bxc5 bxc5 24. Qxb8 Rxb8 25. Rd7 Bb7 26. Nd2 Red8 27. Rxd8+ Rxd8 28. Rb1 Bc6 29. a5 Nd4 30. Kf1 Be7 31. f4 f6 32. Kf2 Nc2 33. Nf1 Nxe3 34. Nxe3 Rd2+ 35. Kf3 f5 36. Nd5 Bxd5 37. cxd5 fxe4+ 38. Kxe4 Rxg2 39. Kxe5 Re2# 0-1


[Site "https://www.chess.com"]

[Event "Titled Tuesday Blitz June 6 Early 2023"]
[White "Zallio, Luciano de Souza"]
[Black "Fajdetic, Hrvoje"]
[WhiteFideId "2109700"]
[BlackFideId "14501945"]
[WhiteElo "2057"]
[BlackElo "2185"]
[Result "0-1"]
[Round "7"]
[TimeControl "180+2"]
[Date "2023.06.06"]
[WhiteClock "0:00:21"]
[BlackClock "0:00:12"]
[Board "148"]

1. e4 c5 2. Nf3 a6 3. d4 cxd4 4. Nxd4 Nf6 5. Nc3 e5 6. Nf3 Nc6 7. a4 Bb4 8. Qd3 d5 9. exd5 Qxd5 10. Qxd5 Nxd5 11. Bd2 Nxc3 12. bxc3 Bc5 13. h3 O-O 14. a5 e4 15. Ng1 Re8 16. Be3 Bxe3 17. fxe3 Re5 18. Ne2 Rxa5 19. Rxa5 Nxa5 20. Nd4 Nc6 21. Nxc6 bxc6 22. Bc4 a5 23. Kd2 Ba6 24. Bxa6 Rxa6 25. Ra1 a4 26. c4 c5 27. Kc3 h5 28. Kb2 Rg6 29. Rg1 Rg3 30. Ka3 Rxe3+ 31. Kxa4 Rc3 32. Kb5 Rxc2 33. Kxc5 f5 34. Kd5 Kf7 35. c5 Kf6 36. c6 g5 37. Kd6 Rd2+ 38. Kc5 Ke5 39. c7 Rc2+ 40. Kb6 f4 41. Kb7 e3 42. c8=Q Rxc8 43. Kxc8 g4 44. Kc7 f3 45. gxf3 gxf3 46. Rg5+ Kf4 47. Rxh5 e2 48. Rh4+ Ke3 49. Rh8 f2 50. Re8+ Kd2 51. Rd8+ Kc2 52. h4 e1=Q 53. Rd6 Qe5 0-1


[Site "https://www.chess.com"]

[Event "Titled Tuesday Blitz June 6 Early 2023"]
[White "Sargissyan, Sargis"]
[Black "Aung Thant Zin"]
[WhiteFideId "13303210"]
[BlackFideId "13000063"]
[WhiteElo "2109"]
[BlackElo "2278"]
[Result "1-0"]
[Round "7"]
[TimeControl "180+2"]
[Date "2023.06.06"]
[WhiteClock "0:02:48"]
[BlackClock "0:02:03"]
[Board "149"]

1. e4 c5 2. Nc3 Nc6 3. Bb5 Nd4 4. Bc4 e6 5. Nge2 d6 6. Nxd4 cxd4 7. Ne2 e5 8. d3 Be6 9. Bxe6 fxe6 10. O-O Nf6 11. f4 exf4 12. Nxf4 Qd7 13. Nh5 Be7 14. Nxg7+ Kd8 15. Bg5 Rf8 16. Nh5 Ng8 17. Rxf8+ 1-0


[Site "https://www.chess.com"]

[Event "Titled Tuesday Blitz June 6 Early 2023"]
[White "Butolo, Alexandru-Mircea"]
[Black "Dwilewicz, Katarzyna"]
[WhiteFideId "1261649"]
[BlackFideId "1148486"]
[WhiteElo "1850"]
[BlackElo "2098"]
[Result "0-1"]
[Round "7"]
[TimeControl "180+2"]
[Date "2023.06.06"]
[WhiteClock "0:00:09"]
[BlackClock "0:00:09"]
[Board "150"]

1. d4 Nf6 2. c4 g6 3. g3 Bg7 4. Bg2 O-O 5. Nf3 d6 6. O-O Nbd7 7. Nc3 e5 8. d5 a5 9. Nd2 Nc5 10. e4 Nd3 11. Qe2 Nxc1 12. Raxc1 Nd7 13. a3 a4 14. f4 exf4 15. gxf4 f5 16. Kh1 Qh4 17. Nf3 Qxf4 18. Nd4 Qh4 19. Ne6 Ne5 20. Nxf8 Bxf8 21. Nb5 Bh6 22. Rc3 f4 23. Nxc7 Bg4 24. Qf2 Qxf2 25. Rxf2 Rf8 26. h3 Bh5 27. Ne6 Rf7 28. c5 dxc5 29. d6 b6 30. Bf1 Rd7 31. Nxf4 Rxd6 32. Nxh5 gxh5 33. Rg3+ Ng6 34. Bc4+ Kg7 35. e5 Rd1+ 36. Kh2 h4 37. Rg4 Be3 38. Rf3 Bd4 39. Rg2 Bxe5+ 0-1


[Site "https://www.chess.com"]

[Event "Titled Tuesday Blitz June 6 Early 2023"]
[White "Toczek, Grzegorz"]
[Black "Jiganchine, Roman"]
[WhiteFideId "1106457"]
[BlackFideId "2603667"]
[WhiteElo "2093"]
[BlackElo "2292"]
[Result "0-1"]
[Round "7"]
[TimeControl "180+2"]
[Date "2023.06.06"]
[WhiteClock "0:00:11"]
[BlackClock "0:00:15"]
[Board "151"]

1. c4 c6 2. e3 d5 3. Nf3 Nf6 4. b3 Bf5 5. Bb2 e6 6. Nc3 h6 7. d3 Bh7 8. Be2 Nbd7 9. O-O a5 10. Rc1 Be7 11. Nd4 O-O 12. cxd5 cxd5 13. Ndb5 Nb8 14. Qd2 Nc6 15. a3 Qb6 16. d4 Rfc8 17. Na4 Qd8 18. Nc5 Ne4 19. Nxe4 Bxe4 20. Bd3 Bxd3 21. Qxd3 Qb6 22. Rc2 a4 23. b4 Na7 24. Nxa7 Qxa7 25. Rfc1 Rxc2 26. Qxc2 Qb6 27. Qc7 Bd8 28. Qd7 Bf6 29. Rc7 Qa6 30. Qxf7+ Kh8 31. h3 Qe2 32. Bc1 Qe1+ 33. Kh2 Qxf2 34. Qxe6 Rf8 35. Qxd5 Bh4 36. Qe5 Rf6 37. e4 Rg6 38. Qe8+ Kh7 39. Rxg7+ Rxg7 40. Bf4 Qxg2# 0-1


[Site "https://www.chess.com"]

[Event "Titled Tuesday Blitz June 6 Early 2023"]
[White "Palacio,Igor Da Paz"]
[Black "Llanos, Guillermo"]
[WhiteFideId "2121140"]
[BlackFideId "100358"]
[WhiteElo "2126"]
[BlackElo "2210"]
[Result "0-1"]
[Round "7"]
[TimeControl "180+2"]
[Date "2023.06.06"]
[WhiteClock "0:00:03"]
[BlackClock "0:00:32"]
[Board "152"]

1. e4 Nf6 2. Nc3 d5 3. e5 Nfd7 4. d4 c5 5. f4 cxd4 6. Qxd4 e6 7. Nf3 Nc6 8. Qd1 Bc5 9. Bd3 Qb6 10. Qe2 Nd4 11. Nxd4 Bxd4 12. Bd2 a6 13. Na4 Qd8 14. c3 Ba7 15. b4 b5 16. Nb2 d4 17. cxd4 Bxd4 18. O-O-O Bb7 19. Kb1 Nb6 20. Be3 Bxe3 21. Bxb5+ axb5 22. Rxd8+ Rxd8 23. Qxe3 Nd5 24. Qc5 Rc8 25. Qxb5+ Bc6 26. Qc5 Bd7 27. Qd4 O-O 28. Rc1 Rxc1+ 29. Kxc1 Rc8+ 30. Kd2 Ra8 31. Qc4 g6 32. b5 Be8 33. a4 Nb6 34. Qb4 Rd8+ 35. Ke2 Nd5 36. Qd4 Rc8 37. Nd3 Rc2+ 38. Kf3 Rc3 39. Ke4 Ra3 40. Nc5 Nc3+ 41. Kd3 Nxb5+ 42. Kc4 Nxd4 43. Kxd4 Bxa4 0-1


[Site "https://www.chess.com"]